Map: Odyssey LE

Players

Elazer - Winner!

  • Race: Zerg Zerg
  • League: Master
  • Spawn Location: 11:00

ShoWTimE

  • Race: Protoss Protoss
  • League: Grandmaster
  • Spawn Location: 5:00

Event: WESG Barcelona European Finals 2017

VOD

Have the link to the VOD?

Description

Time

  • Played on: Nov. 26, 2017, 11:14 a.m.
  • Length: 9:27

All games in this series

Show
View Real Time Build Order
Export as new Build Order

Elazer Zerg - Winner!

Build Orders: Hatch First 

Get SALT Encoding   

  12  0:00  Drone  
  13  0:12  Overlord  
  13  0:17  Drone  
  14  0:31  Drone x2  
  14  0:35  Drone  
  17  0:51  Hatchery  
  17  0:54  Drone  
  17  0:57  Drone  
  18  1:08  Extractor  
  17  1:12  Spawning Pool  
  17  1:15  Drone  
  17  1:18  Drone  
  18  1:28  Drone  
  19  1:38  Overlord  
  19  1:49  Drone  
  20  1:59  Queen  
  20  2:00  Drone  
  23  2:03  Queen  
  23  2:04  Zergling x2  
  23  2:07  Metabolic Boost  
  26  2:11  Drone  
  26  2:15  Drone  
  28  2:24  Drone  
  28  2:27  Drone  
  30  2:32  Drone  
  31  2:40  Hatchery  
  30  2:48  Pneumatized Carapace  
  30  2:50  Drone x2  
  32  2:53  Overlord  
  32  2:56  Drone  
  33  2:59  Zergling x2  
  33  3:04  Zergling x2  
  35  3:08  Drone  
  35  3:12  Queen  
  38  3:18  Drone x2  
  40  3:21  Spore Crawler  
  40  3:25  Drone  
  38  3:30  Drone  
  38  3:32  Drone x3  
  39  3:34  Spore Crawler  
  39  3:38  Drone x3  
  41  3:44  Drone x3  
  44  3:51  Queen  
  44  3:52  Drone  
  44  3:53  Overlord  
  47  3:57  Drone  
  47  3:58  Drone  
  47  4:01  Drone  
  50  4:04  Spore Crawler  
  50  4:06  Spore Crawler  
  50  4:09  Overlord  
  48  4:11  Drone  
  48  4:12  Drone  
  48  4:17  Lair  
  50  4:21  Drone x2  
  52  4:26  Drone  
  52  4:29  Queen  
  54  4:31  Zergling x2  
  54  4:32  Zergling x4  
  54  4:33  Drone  
  54  4:35  Drone x2  
  54  4:37  Drone  
  61  4:39  Drone  
  61  4:40  Drone  
  61  4:43  Drone  
  64  4:48  Drone  
  64  4:50  Extractor, Drone  
  64  4:51  Extractor, Drone  
  65  4:53  Drone  
  65  4:57  Overlord  
  66  5:04  Overlord  
  66  5:06  Extractor, Evolution Chamber  
  64  5:09  Drone  
  64  5:10  Drone  
  66  5:14  Overlord  
  66  5:18  Drone x8, Hydralisk Den  
  73  5:22  Drone  
  73  5:23  Baneling Nest  
  73  5:32  Overlord  
  73  5:33  Extractor  
  72  5:36  Zerg Missile Weapons Level 1  
  72  5:37  Drone x3  
  72  5:38  Drone  
  72  5:40  Hatchery, Drone  
  72  5:41  Drone x2  
  78  5:45  Drone x2  
  80  5:50  Overlord, Drone  
  80  5:52  Zergling x4  
  83  5:58  Extractor  
  83  5:59  Drone x3  
  83  6:02  Overlord  
  83  6:03  Hydralisk  
  83  6:04  Muscular Augments, Hydralisk  
  87  6:05  Overseer  
  89  6:13  Overlord, Hydralisk  
  89  6:14  Hydralisk  
  89  6:18  Overseer  
  93  6:20  Centrifical Hooks  
  93  6:21  Overlord  
  93  6:24  Drone x5  
  98  6:25  Hydralisk  
  98  6:28  Overlord  
  100  6:34  Baneling x4  
  100  6:36  Overlord  
  100  6:39  Hydralisk x3  
  106  6:41  Hydralisk  
  106  6:46  Hydralisk  
  111  6:47  Zergling x6  
  113  6:59  Overlord  
  113  7:04  Hydralisk x7  
  127  7:10  Overlord  
  127  7:18  Overlord, Hydralisk x3  
  127  7:19  Hydralisk x2  
  136  7:22  Hydralisk  
  136  7:23  Hydralisk  
  139  7:31  Hydralisk x3  
  139  7:36  Overlord  
  145  7:39  Overlord  
  145  7:44  Overlord  
  143  7:46  Overlord  
  143  7:55  Hydralisk x4  
  143  7:57  Overlord  
  151  7:58  Hatchery  
  151  8:00  Overseer  
  151  8:01  Zergling x22  
  151  8:04  Zergling x2  
  151  8:05  Zergling x4  
  164  8:09  Baneling x3  
  164  8:11  Zergling x8  
  168  8:16  Zergling x6  
  168  8:18  Overlord  
  168  8:19  Zergling x8  
  175  8:25  Baneling  
  175  8:26  Baneling x12  
  175  8:27  Overlord, Zergling x2  
  175  8:28  Zergling x4  
  175  8:31  Zergling x4  
  175  8:32  Baneling  
  175  8:33  Baneling x6  
  180  8:37  Zergling x8  
  183  8:45  Baneling x9  
  183  8:46  Zergling x2  
  183  8:47  Zergling x10  
  189  8:54  Baneling  
  189  8:55  Baneling x5  
  189  9:00  Zergling x14  
Show
View Real Time Build Order
Export as new Build Order

ShoWTimE Protoss 

Build Orders: Nexus First, Oracle Opening, Archon Immortal 

Get SALT Encoding   

  12  0:01  Probe  
  13  0:13  Probe  
  14  0:19  Pylon  
  14  0:25  Probe  
  15  0:37  Probe (Chrono Boost)  
  16  0:48  Probe (Chrono Boost)  
  17  0:59  Nexus  
  17  1:07  Gateway  
  17  1:10  Probe (Chrono Boost)  
  19  1:20  Assimilator  
  19  1:21  Probe (Chrono Boost)  
  19  1:24  Probe  
  20  1:28  Assimilator  
  20  1:36  Probe  
  21  1:47  Gateway  
  21  1:48  Probe  
  22  1:54  Cybernetics Core  
  22  2:01  Probe  
  23  2:04  Pylon  
  23  2:11  Probe  
  23  2:13  Probe  
  25  2:23  Probe  
  25  2:25  Probe  
  27  2:31  Adept (Chrono Boost)  
  27  2:32  Warp Gate  
  27  2:34  Adept (Chrono Boost)  
  27  2:35  Probe  
  32  2:37  Probe  
  33  2:47  Stargate  
  33  2:48  Probe  
  33  2:50  Probe  
  35  2:54  Adept  
  37  3:00  Adept  
  37  3:02  Probe  
  37  3:04  Probe  
  41  3:10  Pylon  
  41  3:14  Probe  
  41  3:16  Probe  
  43  3:26  Probe  
  44  3:27  Adept  
  44  3:28  Probe  
  44  3:33  Oracle (Chrono Boost)  
  48  3:37  Adept  
  48  3:41  Probe (Chrono Boost)  
  50  3:44  Probe (Chrono Boost)  
  50  3:45  Pylon  
  50  3:49  Assimilator  
  50  3:51  Assimilator  
  50  3:53  Probe (Chrono Boost)  
  50  3:55  Probe x2 (Chrono Boost)  
  53  4:03  Phoenix, Probe  
  53  4:04  Shield Battery  
  53  4:05  Pylon  
  53  4:07  Probe  
  53  4:08  Shield Battery  
  57  4:15  Probe  
  57  4:17  Robotics Facility  
  58  4:19  Probe  
  59  4:27  Probe  
  60  4:31  Probe  
  60  4:35  Nexus  
  61  4:39  Pylon  
  61  4:40  Probe  
  61  4:43  Probe  
  63  4:48  Sentry  
  63  4:49  Sentry, Pylon  
  63  4:52  Probe  
  68  4:55  Probe  
  68  4:57  Pylon  
  69  5:04  Probe, Observer (Chrono Boost), Shield Battery  
  71  5:08  Probe  
  71  5:13  Twilight Council  
  72  5:16  Probe, Forge  
  72  5:19  Warp Prism (Chrono Boost)  
  72  5:20  Probe  
  76  5:28  Probe (Chrono Boost)  
  77  5:32  Probe (Chrono Boost)  
  77  5:33  Gateway x2  
  78  5:40  Probe (Chrono Boost)  
  80  5:44  Probe (Chrono Boost)  
  80  5:45  Protoss Ground Weapons Level 1, Shield Battery  
  80  5:47  Probe  
  80  5:48  Probe  
  81  5:52  Probe  
  81  5:53  Blink (Chrono Boost)  
  81  5:54  Immortal (Chrono Boost)  
  86  6:04  Gateway  
  86  6:05  Gateway  
  86  6:06  Probe  
  86  6:07  Probe x2  
  89  6:18  Gateway, Assimilator  
  89  6:19  Probe x3  
  89  6:22  Assimilator  
  92  6:29  Shield Battery  
  92  6:31  Stalker x2  
  96  6:36  Probe  
  97  6:45  Templar Archives  
  97  6:47  Pylon  
  97  6:48  Pylon  
  97  6:52  Immortal (Chrono Boost)  
  101  6:57  Stalker x4  
  109  7:02  Psionic Storm  
  109  7:05  Probe  
  110  7:21  Immortal (Chrono Boost)  
  114  7:24  Nexus  
  114  7:27  Pylon  
  114  7:28  Stalker  
  114  7:29  Stalker x2, Pylon  
  120  7:35  Charge (Chrono Boost)  
  120  7:42  Stalker x2  
  124  7:47  Photon Cannon  
  124  7:49  Zealot x2  
  128  7:53  Immortal (Chrono Boost)  
  128  7:58  Photon Cannon  
  132  7:59  High Templar x2, Shield Battery  
  132  8:02  Shield Battery  
  132  8:05  High Templar x2  
  138  8:11  Zealot  
  141  8:17  Pylon  
  141  8:19  Pylon  
  141  8:21  Pylon  
  141  8:27  Gateway  
  141  8:30  Gateway  
  141  8:32  Robotics Facility  
  141  8:35  Immortal (Chrono Boost)  
  141  8:36  Probe x3  
  141  8:39  Probe  
  149  8:48  Probe  
  150  8:49  High Templar x4  
  150  8:50  Zealot x3  
  150  8:55  Archon  
  164  8:56  Archon  
  160  9:11  Zealot x3  
Tags
 
Add a new tag
Caveats
  • Supply blocks, unpowered buildings, or Contaminate may cause inaccurate times.
  • Supply counts are checked every 10 seconds.